 Dungeon Crawl Stone Soup version 0.31-a0-662-g684573625c (webtiles) character file.

Game seed: 5285322143929646593

417 kae the Firebug (level 6, 0/32 HPs)
             Began as a Tengu Fire Elementalist on Aug 31, 2023.
             Was an Initiate of Vehumet.
             Slain by Pikel
             ... wielding a +0 whip of freezing
              (2 damage)
             ... on level 4 of the Dungeon.
             The game lasted 00:02:56 (5667 turns).

kae the Firebug (Tengu Fire Elementalist)           Turns: 5667, Time: 00:02:57

Health: 0/32       AC:  3    Str:  9    XL:     6   Next: 93%
Magic:  6/12       EV: 27    Int: 17    God:    Vehumet [......]
Gold:   334        SH:  0    Dex: 14    Spells: 6/12 levels left

rFire   . . .        (no weapon)
rCold   . . .        (no shield)
rNeg    . . .        a - +1 robe
rPois   .            (helmet restricted)
rElec   .            (no cloak)
rCorr   .            (no gloves)
SInv    .            (boots unavailable)
Will    .....        (no amulet)
Stlth   ++           (no ring)
HPRegen 0.25/turn    (no ring)
MPRegen 0.13/turn

%: acrobat
@: acrobatic
A: beak, talons 3, acrobatic
a: Renounce Religion


You were on level 4 of the Dungeon.
You worshipped Vehumet.
Vehumet was noncommittal.
You visited 2 branches of the dungeon, and saw 6 of its levels.

You collected 334 gold pieces.


Innate Abilities, Weirdness & Mutations

You have a beak for a mouth.
You have claws for feet.
You can magically evade attacks while moving or waiting.


   Skills:
 - Level 2.1 Dodging
 - Level 2.0 Stealth
 + Level 3.6 Spellcasting
 + Level 4.5 Conjurations
 * Level 6.3 Fire Magic


You had 6 spell levels left.
You knew the following spells:

 Your Spells              Type           Power      Damage    Failure   Level
a - Foxfire               Conj/Fire      84%        2x1d8     1%          1
b - Scorch                Fire           48%        2d7       1%          2
c - Inner Flame           Hex/Fire       13%        N/A       14%         3

Your spell library contained the following spells:

 Spells                   Type           Power      Damage    Failure   Level
 Volatile Blastmotes      Fire/Tloc      26%        2d12      14%         3
 Flame Wave               Conj/Fire      21%        2d8       17%         4

Inventory:

Missiles
 c - 47 stones
 f - 4 atropa-tipped darts
 j - a throwing net {=f!f}
 m - 9 poisoned darts
Armour
 a - a +1 robe (worn)
Jewellery
 z - a ring of wizardry
   (You took it off a gnoll on level 4 of the Dungeon)
 O - a +4 ring of protection
   (You found it on level 2 of the Dungeon)
 T - an amulet of faith {!P}
   (You found it on level 1 of the Dungeon)
 Z - a ring of wizardry
   (You found it on level 2 of the Dungeon)
Scrolls
 d - 2 scrolls of enchant armour
 i - a scroll of teleportation {@r4}
 l - 2 scrolls of enchant weapon
 n - a scroll of brand weapon {unknown}
 o - 2 scrolls of identify {@r1}
Potions
 b - a potion of magic
 e - 3 potions of enlightenment
 g - a potion of attraction {unknown}
 h - 3 potions of haste {@q3}
 k - 2 potions of curing {unknown}

Dungeon Overview and Level Annotations

Branches:
Dungeon (5/15) Zot: 24315  Temple (1/1) D:4 Zot: 5969

Altars:
Ashenzari
Cheibriados
Dithmenos
Elyvilon
Gozag
Hepliaklqana
Nemelex Xobeh
Ru
Trog
Uskayaw
Vehumet
Wu Jian
Xom
Zin
The Shining One

Shops:
D:3 *

Annotations:
D:2 Terence
D:3 Grinder
D:4 Pikel

.## #..#####......#### ..##
#..##....####..## ...##
#......### ##..##
....###....### ##..##
.....##..### ##..###
........### ####.....##
......#.#~# ####.........##
..###.###~#####K.........#..#
..#~###~~~#.#...@.......###.#
.##~#~#~~##............## ###
.#~~~~#~#~#..........###
##~~~~#~#~#...######## ###
#~###~~#~#....## ####.# ##~#
#~##~#.....# ##....## #~~#
#~##~###...## ##......# ~~~#
#~##~# ##...## #.......#
~~~###~##~# ##...####.......#


You could see Pikel.


Message History

The foxfire hits the white imp!
The white imp is burned terribly!
The foxfire hits the white imp!
The white imp is burned terribly!
You kill the white imp!
Vehumet accepts your kill. 😎 MP[-1]
You lost 1 mp, and now have 11/12 mp.
Casting: Foxfire (safe; 1% risk of failure)
Confirm with . or Enter, or press ? or * to list all spells.
You conjure some foxfire!
The foxfire hits the orc. 😎 MP[-1]
You lost 1 mp, and now have 10/12 mp.
An orc is nearby!
Casting: Foxfire (safe; 1% risk of failure)
Confirm with . or Enter, or press ? or * to list all spells.
You conjure some foxfire!
The foxfire hits the orc.
You kill the orc!
Vehumet accepts your kill. 😎 MP[-1]
You lost 1 mp, and now have 9/12 mp.
No target in view!
Casting: Foxfire (safe; 1% risk of failure)
Confirm with . or Enter, or press ? or * to list all spells.
You conjure some foxfire!
i - a scroll of teleportation {@r4} 😎 MP[+1]
n - a scroll labelled XOH ZUXTAUSS 😎 MP[+2]
Your mp is fully restored (12).
o - 2 scrolls of identify {@r1} You now have 334 gold pieces (gained 11).
Pikel is nearby!
Pikel is nearby!
Pikel is nearby!
Casting: Foxfire (safe; 1% risk of failure)
Confirm with . or Enter, or press ? or * to list all spells.
You conjure some foxfire!
Pikel shouts!
The foxfire hits Pikel but does no damage. x2 😎 MP[-1]
You lost 1 mp, and now have 11/12 mp.
Casting: Foxfire (safe; 1% risk of failure)
Confirm with . or Enter, or press ? or * to list all spells.
You conjure some foxfire!
The foxfire hits Pikel. x2 😎 MP[-1]
You lost 1 mp, and now have 10/12 mp.
Casting: Foxfire (safe; 1% risk of failure)
Confirm with . or Enter, or press ? or * to list all spells.
Flames lash Pikel but do no damage.
You hear a shout! 😎 MP[-2]
You lost 2 mp, and now have 8/12 mp.
Unknown command.
Pikel completely misses you. Pikel attacks as he pursues you!
Pikel misses you. 😎 MP[+1]
Found a stone staircase leading down.
Pikel says, "You'll make a fine lemure."
The lemure hits you. Pikel attacks as he pursues you!
Pikel completely misses you. 😕 HP[-5]
You take 5 damage, and now have 27/32 hp.
Unknown command.
Pikel attacks as he pursues you! Pikel closely misses you.
There is a stone staircase leading up here.
Pikel hits you with a +0 whip of freezing.
Pikel freezes you.
You climb upwards.
There is a stone staircase leading down, spattered with blood here. 😕 HP[-2] MP[+1]
You take 2 damage, and now have 25/32 hp.
Unknown command.
You aren't carrying any items that you can evoke.
Unknown command.
Okay, then.
Casting: Scorch (safe; 1% risk of failure)
Confirm with . or Enter, or press ? or * to list all spells.
Flames lash Pikel.
Pikel's fire resistance burns away.
Pikel hits you with a +0 whip of freezing!
Pikel freezes you.
* * * LOW HITPOINT WARNING * * *
Pikel barely misses you. 😨 HP[-11] MP[-2]
You take 11 damage, and now have 14/32 hp.
MASSIVE DAMAGE!! (PAUSE)
You lost 2 mp, and now have 8/12 mp.
Casting: Scorch (safe; 1% risk of failure)
Confirm with . or Enter, or press ? or * to list all spells.
Flames lash Pikel but do no damage.
Pikel is no longer more vulnerable to fire.
Pikel hits you with a +0 whip of freezing!
* * * LOW HITPOINT WARNING * * *
Pikel freezes you.
* * * LOW HITPOINT WARNING * * *
Pikel hits you with a +0 whip of freezing.
* * * LOW HITPOINT WARNING * * *
Pikel freezes you.
You die...
Pikel says, "See you in Hell!"

Skill      XL: |  1  2  3  4  5  6 |
---------------+-------------------+-----
Conjurations   | 2 3 4 |  4.5
Fire Magic     | 4 5 6 |  6.3
Spellcasting   | 3 |  3.6
Dodging        | |  2.1
Stealth        | |  2.0

Action                     |  1- 3 |  4- 6 || total
---------------------------+-------+-------++-------
  Melee: Unarmed           |     1 |     4 ||     5
         Kick              |       |     3 ||     3
         Peck              |       |     2 ||     2
   Cast: Foxfire           |    81 |   121 ||   202
         Scorch            |     2 |    22 ||    24
    Use: Scroll            |     2 |     8 ||    10
         Potion            |       |     1 ||     1
 Armour: Robe              |    10 |    28 ||    38
  Dodge: Dodged            |    27 |    36 ||    63

Levels and vault maps discovered:
D:1:      co_arrival_square_in_a_square_in_a_square, layout_loops_corners,
          minmay_misc_feat_tower, supply_closet_lemuel, roderic_serpentine_path,
          serial_bayou_lagoon_b
D:2:      layout_basic, uniq_terence
D:3:      layout_loops_cross, nicolae_gozag_zags_fifth_avenue,
          cheibrodos_ashenzari_chains, serial_aquarium,
          aquarium_bridge_long_separate [aquarium_subvault_window,
          aquarium_subvault_bridge, aquarium_subvault_bridge,
          aquarium_subvault_wall, aquarium_subvault_window,
          aquarium_subvault_bridge], aquarium_window_fake, aquarium_window_fake,
          aquarium_view_2d, aquarium_pool_corner, uniq_grinder
D:4:      layout_cave_pods, minmay_temple_entry_sparse_star,
          minmay_misc_feat_encased, chequers_serial_rivers_large_b,
          kennysheep_potato
D:5:      kennysheep_six_static_rooms, layout_basic, mainiacjoe_overflow_paths,
          mainiacjoe_overflow_chevrons, uniq_pikel
Temple:   hellmonk_temple_forest_ring

Notes
Turn   | Place    | Note
-------+----------+-------------------------------------------
     0 | D:1      | kae the Tengu Fire Elementalist began the quest for the
                  | Orb.
     0 | D:1      | Reached XP level 1. HP: 10/10 MP: 4/4
     0 | D:1      | magus.rc [v1.11.3]
   335 | D:1      | Reached XP level 2. HP: 15/15 MP: 4/6
   405 | D:1      | Reached skill level 2 in Conjurations
   769 | D:1      | Reached XP level 3. HP: 19/19 MP: 3/7
   772 | D:1      | Learned a level 2 spell: Scorch
   776 | D:1      | Learned a level 3 spell: Inner Flame
   784 | D:1      | Reached skill level 4 in Fire Magic
  1884 | D:2      | Reached XP level 4. HP: 24/24 MP: 4/8
  2112 | D:2      | Noticed Terence
  2534 | D:2      | Identified the +0 chain mail of Hubris {Dex+3}
  2985 | D:3      | Reached skill level 3 in Conjurations
  3140 | D:3      | Found a broken altar of Ashenzari.
  3280 | D:3      | Found an opulent altar of Gozag.
  3280 | D:3      | Found Gozag's Platinum Reserve.
  3299 | D:3      | Noticed Grinder
  3341 | D:3      | Reached skill level 5 in Fire Magic
  3341 | D:3      | Reached XP level 5. HP: 28/28 MP: 4/10
  3637 | D:3      | Reached skill level 3 in Spellcasting
  4140 | D:4      | Found a staircase to the Ecumenical Temple.
  4149 | Temple   | Entered the Ecumenical Temple
  4164 | Temple   | Became a worshipper of Vehumet
  4278 | D:4      | Reached XP level 6. HP: 32/32 MP: 4/11
  4931 | D:4      | Reached skill level 4 in Conjurations
  5239 | D:5      | Entered Level 5 of the Dungeon
  5244 | D:5      | Noticed Pikel
  5254 | D:4      | HP: 6/32 [lemure[Pikel] (3)]
  5256 | D:4      | HP: 2/32 [lemure[Pikel] (5)]
  5480 | D:5      | Reached skill level 6 in Fire Magic
  5666 | D:4      | HP: 7/32 [Pikel/+0 whip of freezing (7)]
  5667 | D:4      | HP: 2/32 [Pikel/+0 whip of freezing (4)]
  5667 | D:4      | Slain by Pikel

Vanquished Creatures
  An ogre (D:5)
  2 lemures (D:4)
  2 howler monkeys
  A hound (D:5)
  An iguana (D:4)
  3 gnolls (D:4)
  6 adders
  A shadow imp (D:4)
  2 white imps (D:5)
  3 worms
  3 dart slugs
  2 orcs (D:5)
  5 bats
  14 endoplasms
  3 giant cockroaches
  8 goblins
  8 hobgoblins
  5 kobolds
  3 quokkas
  7 ball pythons
  3 frilled lizards
  8 rats
91 creatures vanquished.

Vanquished Creatures (collateral kills)
  6 foxfires (D:1)
6 creatures vanquished.

Vanquished Creatures (others)
  314 foxfires
314 creatures vanquished.

Grand Total: 411 creatures vanquished

Table legend:
 A = Non-vault XP
 B = Vault XP
 C = Vault XP percentage of total XP
 D = Non-vault monster count
 E = Vault monster count
 F = Vault count percentage of total count
                 A         B        C        D         E       F
            +---------+---------+-------+---------+---------+-------
      Total |     541 |      56 |   9.4 |      86 |       3 |   3.4
            +---------+---------+-------+---------+---------+-------
        D:1 |      44 |       0 |   0.0 |      29 |       0 |   0.0
        D:2 |      77 |       0 |   0.0 |      21 |       0 |   0.0
        D:3 |      90 |       0 |   0.0 |      12 |       0 |   0.0
        D:4 |     139 |      56 |  28.7 |      18 |       3 |  14.3
        D:5 |     191 |       0 |   0.0 |       6 |       0 |   0.0
            +---------+---------+-------+---------+---------+-------

Skill      XL: |  1  2  3  4  5  6 |
---------------+-------------------+-----
Conjurations   | 2 3 4 |  4.5
Fire Magic     | 4 5 6 |  6.3
Spellcasting   | 3 |  3.6
Dodging        | |  2.1
Stealth        | |  2.0

Action                     |  1- 3 |  4- 6 || total
---------------------------+-------+-------++-------
  Melee: Unarmed           |     1 |     4 ||     5
         Kick              |       |     3 ||     3
         Peck              |       |     2 ||     2
   Cast: Foxfire           |    81 |   121 ||   202
         Scorch            |     2 |    22 ||    24
    Use: Scroll            |     2 |     8 ||    10
         Potion            |       |     1 ||     1
 Armour: Robe              |    10 |    28 ||    38
  Dodge: Dodged            |    27 |    36 ||    63

Illustrated notes

Table legend:
 A = Kills in this place as a percentage of kills in the entire game.
 B = Kills by you in this place as a percentage of kills by you in the entire game.
 C = Kills by friends in this place as a percentage of kills by friends in the entire game.
 D = Other kills in this place as a percentage of other kills in the entire game.
 E = Experience gained in this place as a percentage of experience gained in the entire game.
 F = Experience gained in this place divided by the number of levels of this place that you have seen.
                   A       B       C       D       E      F
               +-------+-------+-------+-------+-------+----------------------
         Total | 100.0 | 100.0 |   N/A |   N/A | 100.0 |  99.5
       Dungeon | 100.0 | 100.0 |   N/A |   N/A | 100.0 | 119.4
               +-------+-------+-------+-------+-------+----------------------

Table legend: (Time is in decaauts)
 A = Elapsed time spent in this place.
 B = Non-inter-level travel time spent in this place.
 C = Inter-level travel time spent in this place.
 D = Time resting spent in this place.
 E = Time spent auto-exploring this place.
 F = Levels seen in this place.
 G = Mean time per level.
                   A        B        C        D        E       F      G
               +--------+--------+--------+--------+--------+-----+--------+
         Total |   5714 |   5505 |    209 |      7 |   4819 |   6 |  952.3 |
       Dungeon |   5683 |   5504 |    179 |      7 |   4819 |   5 | 1136.6 |
        Temple |     30 |      1 |     29 |      0 |      0 |   1 |   30.0 |
               +--------+--------+--------+--------+--------+-----+--------+

Top non-repeatable levels by time:
     D:1: 1495 daAuts
     D:4: 1455 daAuts
     D:2: 1350 daAuts
     D:3: 1020 daAuts
     D:5: 361 daAuts
  Temple: 30 daAuts
